 Dungeon Crawl Stone Soup version 0.28.0-53-g5a82cb258f (webtiles) character file.

Game seed: 17932478869748961020

388 safid the Chopper (level 6, -5/56 HPs)
             Began as a Hill Orc Fighter on Aug 4, 2022.
             Was an Initiate of Beogh.
             Slain by a steam dragon (6 damage)
             ... on level 4 of the Dungeon.
             The game lasted 00:04:38 (4638 turns).

safid the Chopper (Hill Orc Fighter)                Turns: 4638, Time: 00:04:38

Health: -5/56      AC:  7    Str: 21    XL:     6   Next: 79%
Magic:  6/6        EV:  9    Int:  8    God:    Beogh [......]
Gold:   218        SH:  4    Dex: 10    Spells: 5/5 levels left

rFire   . . .      SeeInvis .   a - +0 war axe
rCold   . . .      Faith    .   c - +0 buckler
rNeg    . . .      Spirit   .   b - +0 scale mail
rPois   .          Reflect  .   (no helmet)
rElec   .          Harm     .   (no cloak)
rCorr   .          Rampage  .   (no gloves)
Will    .....                   (no boots)
Stlth   ..........              (no amulet)
HPRegen 0.18/turn               (no ring)
MPRegen 0.10/turn               (no ring)

@: no status effects
A: no striking features
a: Renounce Religion


You were on level 4 of the Dungeon.
You worshipped Beogh.
Beogh was noncommittal.
You visited 1 branch of the dungeon, and saw 4 of its levels.

You collected 218 gold pieces.

Inventory:

Hand Weapons
 a - a +0 war axe (weapon)
Missiles
 m - 8 poisoned darts (quivered)
Armour
 b - a +0 scale mail (worn)
 c - a +0 buckler (worn)
Jewellery
 j - a ring of wizardry
 o - an amulet of guardian spirit
Scrolls
 e - 2 scrolls of teleportation {unknown}
 f - 2 scrolls of identify {unknown}
 i - 2 scrolls of fog {unknown}
 k - 2 scrolls of blinking {unknown}
 l - a scroll of immolation {unknown}
Potions
 d - a potion of degeneration {unknown}
 g - 4 potions of heal wounds {unknown}
 h - a potion of haste {unknown}
 n - a potion of might
 p - a potion of attraction {unknown}
 q - 2 potions of lignification {unknown}


   Skills:
 + Level 5.3 Fighting
 - Level 6.0 Axes
 + Level 5.1 Armour
 - Level 4.0 Shields


You had 5 spell levels left.
You didn't know any spells.
Your spell library contained the following spells:

 Spells                   Type           Power      Damage    Failure   Level
 Magic Dart               Conj           0%         1d3       82%         1
 Call Imp                 Summ           0%         N/A       91%         2
 Mephitic Cloud           Conj/Pois/Air  0%         N/A       99%         3


Dungeon Overview and Level Annotations

Branches:
Dungeon (4/15)
 Temple: D:4-7

Altars:
Trog
Yredelemnul


Message History

There is an open door here.
A steam dragon comes into view.
The steam dragon hisses angrily.
You start waiting.
A steam dragon is nearby!
You hit the steam dragon.
The steam dragon is lightly wounded.
The steam dragon barely misses you.
The steam dragon claws you but does no damage.
You closely miss the steam dragon.
The steam dragon is lightly wounded.
The steam dragon breathes steam at you. The ball of steam hits you!!
The steam dragon bites you.
The steam dragon claws you but does no damage.
You hit the steam dragon but do no damage.
The steam dragon is lightly wounded.
The steam dragon bites you. The steam dragon misses you.
You barely miss the steam dragon.
The steam dragon is lightly wounded.
The steam dragon breathes steam at you. The ball of steam hits you!
Unknown command.
The steam dragon bites you but does no damage.
The steam dragon closely misses you.
You closely miss the steam dragon.
The steam dragon is lightly wounded.
The steam dragon barely misses you. You block the steam dragon's attack.
The steam dragon breathes steam at you. The ball of steam hits you.
Unknown command.
The steam dragon bites you. The steam dragon claws you.
* * * LOW HITPOINT WARNING * * *
Unknown command.
You hit the steam dragon.
The steam dragon is moderately wounded.
You are engulfed in a cloud of scalding steam.
* * * LOW HITPOINT WARNING * * *
The steam dragon bites you.
You die...

..........≈≈≈≈.≈≈≈≈≈.......#
##
...##.....≈≈≈≈.......#.....##
...# ##.......≈≈≈≈.#..##..##
# ..
#.≈≈≈≈≈§≈§≈§....###..####
#.≈§≈≈≈.§≈≈≈...####......
...≈≈§≈≈.≈≈§≈..........###
...≈≈≈≈≈.≈≈≈≈.........##
##......§.§............#
#######§@§............#
##D.............##
#.................#
.......##...........##
.........###............
.........# ##.........#.
.D.......# ##......###.
..###....# ###.....## #. ##
#....# #<.....## #.


You could see a steam dragon (catching breath).

Vanquished Creatures
  A yak (D:4)
  A hound (D:4)
  Jessica (D:2)
  An iguana (D:4)
  3 gnolls (D:3)
  7 adders
  A worm (D:2)
  4 dart slugs
  4 ball pythons
  6 endoplasms
  4 giant cockroaches
  8 hobgoblins
  3 jackals (D:3)
  3 quokkas
  7 bats
  2 frilled lizards
  7 goblins
  11 kobolds
  4 rats
78 creatures vanquished.

Vanquished Creatures (others)
  An orc wizard (D:4)
  3 orcs (D:4)
  An endoplasm (D:4)
  A jackal skeleton (D:4)
6 creatures vanquished.

Grand Total: 84 creatures vanquished

Notes
Turn   | Place    | Note
-------+----------+-------------------------------------------
     0 | D:1      | safid the Hill Orc Fighter began the quest for the Orb.
     0 | D:1      | Reached XP level 1. HP: 19/19 MP: 1/1
   312 | D:1      | Reached XP level 2. HP: 27/27 MP: 2/2
   346 | D:1      | Reached skill level 3 in Axes
   953 | D:2      | Reached XP level 3. HP: 28/33 MP: 3/3
  1138 | D:2      | Found a faded altar of an unknown god.
  1185 | D:2      | Noticed Jessica
  1203 | D:2      | Killed Jessica
  1204 | D:2      | Reached XP level 4. HP: 13/40 MP: 4/4
  1459 | D:2      | Reached skill level 4 in Axes
  2017 | D:3      | Reached skill level 5 in Axes
  2017 | D:3      | Reached XP level 5. HP: 34/46 MP: 5/5
  3334 | D:4      | Noticed a yak
  3336 | D:4      | Reached skill level 6 in Axes
  3340 | D:4      | Killed a yak
  3341 | D:4      | Reached XP level 6. HP: 55/55 MP: 6/6
  3347 | D:4      | Reached skill level 5 in Fighting
  3957 | D:4      | Became a worshipper of Beogh the Brigand
  4037 | D:4      | Found a bloodstained altar of Trog.
  4038 | D:4      | Found a basalt altar of Yredelemnul.
  4147 | D:4      | Reached skill level 5 in Armour
  4624 | D:4      | Noticed a steam dragon
  4638 | D:4      | HP: 1/56 [steam dragon] (13)]
  4638 | D:4      | Slain by a steam dragon

Illustrated notes

Levels and vault maps discovered:
D:1:      lightli_arrival_statuegarden, layout_basic
D:2:      layout_rooms, hellmonk_ecumenical_altar_lost_god,
          grunt_decor_one_mirror, minmay_pentomino_t2, uniq_jessica
D:3:      layout_basic
D:4:      minmay_general_purpose_star, layout_layer_cave,
          nicolae_overflow_squiral, minivault_14,
          minmay_fractal_squares_gapless_5

Skill      XL: |  1  2  3  4  5  6 |
---------------+-------------------+-----
Axes           | 3 5 6 |  6.0
Fighting       | 4 5 |  5.3
Armour         | 4 5 |  5.1
Shields        | 4 |  4.0

Action                   |  1- 3 |  4- 6 || total
-------------------------+-------+-------++-------
Melee: War axe           |    80 |   181 ||   261
Invok: Convert to Beogh  |       |     1 ||     1
  Use: Potion            |       |     1 ||     1
Armor: Scale mail        |    41 |    76 ||   117
Dodge: Dodged            |    58 |   101 ||   159
Block: Buckler           |    19 |    38 ||    57
